 Dungeon Crawl Stone Soup version 0.25-a0-641-g189b929 (webtiles) character file.

Game seed: 7262188170044025840, levelgen mode: deterministic

159 MrTaco21 the Cudgeler (level 5, -10/32 HPs)
             Began as a Gargoyle Fighter on Mar 20, 2020.
             Killed by divine providence
             ... invoked by an orc priest
              (13 damage)
             ... on level 3 of the Dungeon.
             The game lasted 00:02:45 (1765 turns).

MrTaco21 the Cudgeler (Gargoyle Fighter)            Turns: 1765, Time: 00:02:45

Health: -10/32     AC: 10    Str: 20    XL:     5   Next: 40%
Magic:  5/5        EV:  7    Int:  9    God:
Gold:   135        SH:  9    Dex:  9    Spells: 4/4 levels left

rFire    x . .     SeeInvis .   a - +0 flail
rCold    + . .     Gourm    .   c - +0 kite shield
rNeg     + . .     Faith    .   b - +0 scale mail
rPois    ∞         Spirit   .   (no helmet)
rElec    +         Reflect  .   (no cloak)
rCorr    .         Harm     .   (no gloves)
MR       .....                  (no boots)
Stlth    ..........             (no amulet)
HPRegen  0.10/turn              l - +4 ring of slaying
MPRegen  0.09/turn              o - ring of ice

@: no status effects
A: negative energy resistance 1, electricity resistance, unbreathing,
petrification resistance, rot immunity, AC +4
a: no special abilities


You were on level 3 of the Dungeon.
You were not hungry.

You visited 1 branch of the dungeon, and saw 3 of its levels.

You collected 135 gold pieces.

Inventory:

Hand Weapons
 a - a +0 flail (weapon)
Armour
 b - a +0 scale mail (worn)
 c - a +0 kite shield (worn)
Jewellery
 l - a +4 ring of slaying (left hand)
   (You found it on level 2 of the Dungeon)
 o - a ring of ice (right hand)
   (You found it on level 3 of the Dungeon)
Scrolls
 h - a scroll of magic mapping {unknown}
 k - a scroll of blinking {unknown}
 m - 3 scrolls of identify {unknown}
 n - a scroll of amnesia {unknown}
Potions
 d - a potion of might
 f - a potion of heal wounds {unknown}
 g - a potion of curing {unknown}
 i - a potion of brilliance {unknown}
Comestibles
 e - 4 rations {!d}
 j - 7 chunks of flesh


   Skills:
 - Level 3.2 Fighting
 + Level 5.4 Maces & Flails
 - Level 3.2 Armour
 - Level 3.2 Shields


You had 4 spell levels left.
You didn't know any spells.
Your spell library was empty.

Dungeon Overview and Level Annotations

Branches:
Dungeon (3/15)

Altars:
Vehumet
Xom


Innate Abilities, Weirdness & Mutations

You are resistant to torment.
Your stone body is resilient. (AC +4)
You are immune to poison.
You resist negative energy. (rN+)
You are resistant to electric shocks. (rElec)
You can survive without breathing.
You are immune to petrification.
You are immune to rotting.


Message History

Something hits you but does no damage.
You thump the orc priest! The orc hits you but does no damage.
You block the orc priest's attack. The orc hits you but does no damage.
You block something's attack. You block the orc's attack.
The orc hits you but does no damage.
The orc priest hits you but does no damage.
You closely miss the orc priest. Something hits you but does no damage.
The orc hits you but does no damage. You block the orc's attack.
The orc priest hits you but does no damage.
You barely miss the orc priest.
You hear some strange, mumbled words.
A puff of flame appears from out of thin air!
The puff of flame misses you. You block the orc's attack. x2
You block the orc priest's attack.
You hit the orc priest but do no damage.
A bat comes into view.
Something hits you but does no damage. The orc hits you but does no damage.
The orc closely misses you. The orc priest hits you with a +0 club.
You barely miss the orc priest. You block the orc's attack.
The orc barely misses you.
The orc priest hits you but does no damage.
You hear some strange, mumbled words.
A puff of flame appears from out of thin air!
The puff of flame hits you! The fire burns you terribly!
* * * LOW HITPOINT WARNING * * *
The orc barely misses you.
You are too injured to fight recklessly!
You are too injured to fight recklessly!
You are too injured to fight recklessly!
You are too injured to fight recklessly!
There are monsters nearby!
There are monsters nearby!
There are monsters nearby!
There are monsters nearby!
There are monsters nearby!
You sock the orc!
You kill the orc!
The orc priest hits you but does no damage.
Something hits you but does no damage. You block the orc's attack.
Unknown command.
Unknown command.
Unknown command.
Things that are here:
a +0 short sword; a +0 leather armour; an orc corpse The orc priest mumbles some strange prayers to Beogh against you.
Beogh smites you!
You die...

#.#...#...#.###### .#
#.......###.#
...########....## #.#
#......##.[...## #.#
#..............# #.#
...####.÷...)..#......
#.............#####)#
######.....####
#########.###@########.#
#..............o.ob)...#
###.#.############s.>.....
#...# ......... #####
#......... #.........
##........ ##...##.. ####
##


You could see an orc priest, an orc, a giant cockroach and a bat.

Vanquished Creatures
  An orc priest (D:3)
  An orc wizard (D:3)
  3 adders
  An ooze (D:2)
  2 worms
  2 dart slugs
  3 leopard geckos (D:2)
  5 orcs
  A giant cockroach (D:2)
  6 goblins (D:1)
  7 hobgoblins
  4 jackals (D:1)
  A quokka (D:2)
  A ball python (D:1)
  4 bats
  A frilled lizard (D:2)
  7 kobolds
  A rat (D:2)
51 creatures vanquished.

Notes
Turn   | Place    | Note
-------+----------+-------------------------------------------
     0 | D:1      | MrTaco21 the Gargoyle Fighter began the quest for the Orb.
     0 | D:1      | Reached XP level 1. HP: 14/14 MP: 1/1
   422 | D:1      | Reached XP level 2. HP: 19/19 MP: 2/2
   459 | D:1      | Reached skill level 3 in Maces & Flails
   829 | D:1      | Reached XP level 3. HP: 21/23 MP: 3/3
  1012 | D:2      | Found a shimmering altar of Xom.
  1013 | D:2      | Found a radiant altar of Vehumet.
  1221 | D:2      | Reached skill level 4 in Maces & Flails
  1277 | D:2      | Reached XP level 4. HP: 27/28 MP: 4/4
  1693 | D:3      | Reached skill level 5 in Maces & Flails
  1693 | D:3      | Reached XP level 5. HP: 30/32 MP: 5/5
  1765 | D:3      | Killed from afar by an orc priest

Levels and vault maps discovered:
D:1:      minmay_arrival_four_houses, layout_basic, minmay_misc_feat_iff
D:2:      layout_basic, grunt_temple_overflow_open
D:3:      layout_rooms, nicolae_overflow_hidden_temple,
          overflow_temple_1_default, first_ration

Skill      XL: |  1  2  3  4 |
---------------+-------------+-----
Maces & Flails | 3 4 5 |  5.4
Fighting       | |  3.2
Armour         | |  3.2
Shields        | |  3.2

Action                   |  1- 3 |  4- 6 || total
-------------------------+-------+-------++-------
Melee: Flail             |   105 |    57 ||   162
  Eat: Chunk             |     1 |     2 ||     3
Armor: Scale mail        |    54 |    32 ||    86
Dodge: Dodged            |    38 |    19 ||    57
Block: Kite shield       |    55 |    32 ||    87

Table legend:
 A = Non-vault XP
 B = Vault XP
 C = Vault XP percentage of total XP
 D = Non-vault monster count
 E = Vault monster count
 F = Vault count percentage of total count
                 A         B        C        D         E       F
            +---------+---------+-------+---------+---------+-------
      Total |     228 |       0 |   0.0 |      51 |       0 |   0.0
            +---------+---------+-------+---------+---------+-------
        D:1 |      37 |       0 |   0.0 |      19 |       0 |   0.0
        D:2 |      61 |       0 |   0.0 |      20 |       0 |   0.0
        D:3 |     130 |       0 |   0.0 |      12 |       0 |   0.0
            +---------+---------+-------+---------+---------+-------
